 Dungeon Crawl Stone Soup version 0.17-a0-1397-g0eee0a3 (webtiles) character file.

1402 Volodja the Cleaver (level 8, -4/64 HPs)
             Began as a Hill Orc Fighter on June 17, 2015.
             Was a Believer of Beogh.
             Killed from afar by Pikel (20 damage)
             ... with a wand of lightning
             ... on level 6 of the Dungeon.
             The game lasted 00:13:43 (4974 turns).

Volodja the Cleaver (Hill Orc Fighter)              Turns: 4974, Time: 00:13:43

Health: -4/64      AC:  9    Str: 19    XL:     8   Next: 69%
Magic:  11/11      EV:  7    Int:  8    God:    Beogh [**....]
Gold:   243        SH: 10    Dex: 12    Spells: 0 memorised, 7 levels left

rFire  . . .     SeeInvis .     a - +1 war axe
rCold  . . .     Clarity  .     b - +0 scale mail
rNeg   . . .     SustAt   .     c - +1 shield
rPois  .         Gourm    .     (no helmet)
rElec  .         Spirit   .     E - +0 cloak
rCorr  .         Warding  .     (no gloves)
rMut   .         Stasis   .     y - +0 pair of boots
MR     .....                    D - amulet of inaccuracy (curse)
Stlth  +.........               (no ring)
                                m - ring of stealth

@: not resistant to hostile enchantments, very unstealthy
A: no striking features
a: Smiting, Renounce Religion


You were on level 6 of the Dungeon.
You worshipped Beogh.
Beogh was pleased with you.
You were not hungry.

You visited 1 branch of the dungeon, and saw 6 of its levels.

You collected 243 gold pieces.

Inventory:

Hand weapons
 a - a +1 war axe (weapon)
 B - a +4 quarterstaff of chaos
Armour
 b - a +0 scale mail (worn)
 c - a +1 shield (worn)
 y - a +0 pair of boots (worn)
 E - a +0 cloak (worn)
Magical staves
 C - an uncursed staff of earth
 H - an uncursed staff of fire {unknown}
Jewellery
 m - a ring of stealth (left hand)
 t - an uncursed amulet of faith
 D - a cursed amulet of inaccuracy (around neck)
Magical devices
 w - a wand of digging (11)
 z - a wand of digging (21)
 G - a wand of fireball (9)
Scrolls
 f - 2 scrolls of enchant armour
 j - 5 scrolls of identify
 o - 2 scrolls of enchant weapon
 u - 3 scrolls of recharging
Potions
 d - 3 potions of might
 e - a potion of degeneration
 h - a potion of flight {unknown}
 i - 2 potions of cure mutation {unknown}
 k - 4 potions of agility {unknown}
 l - a potion of haste {unknown}
 p - a potion of beneficial mutation {unknown}
 r - a potion of brilliance {unknown}
 x - a potion of cancellation {unknown}
 A - a potion of ambrosia {unknown}
 F - 2 potions of curing {unknown}
Comestibles
 g - a meat ration
 n - 2 bread rations
 q - 2 chunks of flesh
 s - 2 beef jerkies
 v - a slice of pizza


   Skills:
 - Level 3.6 Fighting
 + Level 12.6 Axes
 - Level 3.2 Armour
 - Level 3.2 Shields
 * Level 4.4 Invocations


You had 7 spell levels left.
You didn't know any spells.

Dungeon Overview and Level Annotations

Branches:
Dungeon (6/15)             Temple (0/1) D:4

Altars:
Cheibriados
Elyvilon
Ru
Xom
The Shining One

Annotations:
D:6 Pikel


Message History

Pikel is lightly wounded.
A slave comes into view.
Your shield and scale mail prevent you from hitting Pikel.
Pikel is lightly wounded.
Pikel zaps a wand.
The bolt of lightning hits you!
It is a wand of lightning.
You closely miss Pikel.
Pikel is lightly wounded.
You block Pikel's attack.
You hit Pikel but do no damage.
Pikel is lightly wounded.
You block Pikel's attack.
You closely miss Pikel.
Pikel is lightly wounded.
Pikel zaps a wand.
The bolt of lightning hits you!
* * * LOW HITPOINT WARNING * * *
You are too injured to fight recklessly!
You closely miss Pikel.
Pikel is lightly wounded.
Pikel zaps a wand.
The bolt of lightning hits you!
You die...

#.######### #.
#........###..
#..#.........#
#..........#
##.#.#.#...#
#.#.#.#.#.##..
..#.#.#.......
####.#.........
#@#.###..._.
###K#.# ...
#.pYh.# .
#r#....#
#p####.# p#. .#
.# #Y .# .# #.
$# ## #..#


You could see Pikel, a sky beast, 3 slaves, a jackal (wandering) and a rat.

Vanquished Creatures
  Grinder (D:6)
  Sigmund (D:3)
  The ghost of urechis the Chopper, an average HOGl (D:5)
  An ogre (D:4)
  3 scorpions
  2 crimson imps (D:5)
  Crazy Yiuf (D:4)
  An orc priest (D:5)
  A centaur skeleton (D:6)
  5 orc wizards
  4 worker ants
  An iguana (D:4)
  8 gnolls (D:5)
  8 adders
  4 worms
  4 giant geckos
  15 orcs
  A ball python (D:1)
  8 giant cockroaches
  7 goblins
  7 hobgoblins
  4 jackals
  5 quokkas
  13 bats
  9 giant newts
  12 kobolds
  13 rats
140 creatures vanquished.

Vanquished Creatures (others)
  An orc (D:3)
1 creature vanquished.

Grand Total: 141 creatures vanquished

Notes
Turn   | Place    | Note
--------------------------------------------------------------
     0 | D:1      | Volodja the Hill Orc Fighter began the quest for the Orb.
     0 | D:1      | Reached XP level 1. HP: 19/19 MP: 1/1
   136 | D:1      | Reached XP level 2. HP: 23/26 MP: 2/2
   224 | D:1      | Reached skill level 4 in Axes
   628 | D:1      | Reached XP level 3. HP: 27/31 MP: 3/3
  1084 | D:2      | Reached skill level 5 in Axes
  1123 | D:2      | Reached XP level 4. HP: 39/39 MP: 4/4
  1356 | D:2      | Found a glowing golden altar of the Shining One.
  1358 | D:2      | Found a sacrificial altar of Ru.
  1561 | D:3      | Reached skill level 6 in Axes
  1906 | D:3      | Found a white marble altar of Elyvilon.
  1946 | D:3      | Noticed Sigmund
  1962 | D:3      | Killed Sigmund
  1962 | D:3      | Reached skill level 8 in Axes
  1962 | D:3      | Reached XP level 5. HP: 3/45 MP: 5/5
  1962 | D:3      | Reached XP level 6. HP: 3/51 MP: 6/6
  2083 | D:3      | Noticed urechis's ghost (average HOGl)
  2740 | D:3      | Became a worshipper of Beogh the Brigand
  2942 | D:4      | Reached skill level 1 in Invocations
  3030 | D:4      | Found a shimmering altar of Xom.
  3095 | D:4      | Reached skill level 9 in Axes
  3150 | D:4      | Acquired Beogh's first power
  3166 | D:4      | Reached XP level 7. HP: 33/57 MP: 8/8
  3334 | D:4      | Found a staircase to the Ecumenical Temple.
  3467 | D:4      | Reached skill level 10 in Axes
  3596 | D:4      | Noticed Crazy Yiuf
  3606 | D:4      | Killed Crazy Yiuf
  3637 | D:5      | Entered Level 5 of the Dungeon
  3764 | D:5      | Killed urechis's ghost
  4070 | D:5      | Reached skill level 11 in Axes
  4070 | D:5      | Reached XP level 8. HP: 64/64 MP: 10/10
  4833 | D:6      | Noticed Grinder
  4838 | D:6      | Paralysed by Grinder for 7 turns
  4848 | D:6      | Reached skill level 12 in Axes
  4863 | D:6      | Killed Grinder
  4863 | D:6      | Acquired Beogh's second power
  4952 | D:6      | Found a snail-covered altar of Cheibriados.
  4962 | D:6      | Noticed Pikel
  4974 | D:6      | Killed from afar by Pikel

Vault maps used:
D:1:      onia_arrival_larder
D:2:      nicolae_overflow_hidden_temple, first_bread
D:3:      grunt_decor_cap, minmay_misc_feat_hallway, serial_bayou_pond_a,
          elyvilon_altar_5, uniq_sigmund
D:4:      minmay_temple_entry_mist, xom_teletrap_fun, uniq_crazy_yiuf_cottage
D:6:      lemuel_crystal_altar, amethyst_overflow_temple_binary, basic_altar,
          uniq_grinder, uniq_pikel

Action                   |  1- 3 |  4- 6 |  7- 9 || total
-------------------------+-------+-------+-------++-------
Melee: War axe           |    94 |   245 |   270 ||   609
Invok: Convert to Beogh  |       |     1 |       ||     1
  Use: Scroll            |       |     8 |     2 ||    10
  Eat: Chunk             |     1 |     2 |     7 ||    10
       Bread ration      |       |     1 |       ||     1
